 Dungeon Crawl Stone Soup version 0.29.1-2-gbd0b4ee654 (webtiles) character file.

Game seed: 3622106118863653490

3846 trench the Ruffian (level 9, -6/93 HPs)
             Began as a Troll Berserker on Nov 27, 2022.
             Was a Believer of Trog.
             Shot with a bolt by an orc warrior (14 damage)
             ... on level 8 of the Dungeon.
             The game lasted 00:59:10 (8267 turns).

trench the Ruffian (Troll Berserker)                Turns: 8267, Time: 00:59:11

Health: -6/93      AC:  5    Str: 31    XL:     9   Next: 98%
Magic:  8/8        EV: 13    Int:  3    God:    Trog [**....]
Gold:   342        SH:  0    Dex: 15    Spells: 8/8 levels left

rFire   . . .      SeeInvis .     - Unarmed
rCold   . . .      Faith    .   (no shield)
rNeg    . . .      Spirit   .   b - +0 animal skin
rPois   .          Reflect  .   (helmet restricted)
rElec   .          Harm     .   r - +0 cloak
rCorr   .          Rampage  .   (gloves unavailable)
Will    ++...                   (boots unavailable)
Stlth   +.........              (no amulet)
HPRegen 2.05/turn               d - +6 ring of dexterity
MPRegen 0.11/turn               (no ring)

@: strong-willed (expiring), on berserk cooldown, regenerating (expiring),
slowed, very slow
A: large, unfitting armour, claws 3, regeneration 1, shaggy fur 1, tough skin 1
a: Renounce Religion, Berserk, Trog's Hand


You were on level 8 of the Dungeon.
You worshipped Trog.
Trog was pleased with you.
You visited 2 branches of the dungeon, and saw 9 of its levels.
You also visited: Sewer.

You collected 342 gold pieces.

Inventory:

Hand Weapons
 a - the +3 woodcutter's axe {vorpal}
   (You found it on level 2 of the Dungeon)

   It inflicts extra damage upon your enemies.
 i - a +1 dagger of electrocution
 j - a +0 giant club
 q - a +2 vampiric spear
 H - a +1 war axe of flaming
 I - a +0 shortbow
Missiles
 c - 2 boomerangs of dispersal
 h - 91 stones
 B - a curare-tipped dart
 F - 14 javelins (quivered)
 O - 3 boomerangs
Armour
 b - a +0 animal skin (worn)
 r - a +0 cloak (worn)
Jewellery
 d - a +6 ring of dexterity (left claw)
 e - a ring of positive energy
 k - a ring of protection from cold
 s - a ring of ice
 A - a ring of magical power
 N - a ring of protection from cold
Wands
 K - a wand of polymorph (8)
Scrolls
 n - 6 scrolls of identify {unknown}
 o - 2 scrolls of vulnerability {unknown}
 p - 2 scrolls of poison {unknown}
 u - a scroll of enchant armour {unknown}
 w - 2 scrolls of brand weapon {unknown}
 x - 4 scrolls of teleportation {unknown}
 y - 5 scrolls of amnesia {unknown}
 E - a scroll of silence {unknown}
 J - a scroll of immolation {unknown}
 L - 3 scrolls of fear {unknown}
Potions
 f - 4 potions of flight
 g - a potion of ambrosia
 l - 3 potions of brilliance {unknown}
 m - 2 potions of lignification {unknown}
 t - a potion of might
 v - 2 potions of cancellation {unknown}
 z - a potion of resistance
 C - 3 potions of heal wounds
 D - a potion of berserk rage {unknown}
 G - 2 potions of degeneration {unknown}
 M - a potion of haste {unknown}


   Skills:
 + Level 7.3 Fighting
 - Level 3.7 Maces & Flails
 + Level 7.3 Dodging
 - Level 0.1 Stealth
 + Level 7.8 Unarmed Combat


You had 8 spell levels left.
You didn't know any spells.
Your spell library contained the following spells:

 Spells                   Type           Power      Damage    Failure   Level
 Apportation              Tloc           0%         N/A       52%         1
 Necrotise                Necr           0%         1d4       52%         1
 Summon Small Mammal      Summ           0%         N/A       52%         1


Dungeon Overview and Level Annotations

Branches:
Dungeon (8/15)             Temple (1/1) D:5           Sewer (visited)
   Lair: D:8-11

Altars:
Ashenzari
Cheibriados
Dithmenos
Elyvilon
Fedhas
Gozag
Hepliaklqana
Kikubaaqudgha
Makhleb
Nemelex Xobeh
Okawaru
Qazlal
Ru
Sif Muna
Trog
Uskayaw
Vehumet
Wu Jian
Xom
Yredelemnul
The Shining One


Innate Abilities, Weirdness & Mutations

You are too large for most types of armour.
You have claws for hands.
Your natural rate of healing is unusually fast.
You are covered in fur. (AC +1)
You have tough skin. (AC +1)


Message History

The orc priest shouts!
The orc wizard shouts! x2; The orc shouts!
The orc warrior unwields a +0 arbalest.
The orc warrior wields a +0 scimitar.
The orc warrior hits you with a +0 scimitar!
You claw the orc warrior!
The orc warrior is moderately wounded.
The orc priest mumbles some strange prayers to Beogh against you.
Beogh smites you!
The orc priest looks braver for a moment.
You claw the orc wizard!
The orc wizard is severely wounded.
The orc warrior hits you with a +0 scimitar.
The orc priest calls upon Beogh to heal the orc wizard.
The orc wizard is healed somewhat.
The orc wizard hits you with a +0 dagger.
The orc warrior hits you with a +0 scimitar!
You closely miss the orc wizard.
The orc wizard is heavily wounded.
The orc wizard hits you with a +0 dagger.
The orc warrior completely misses you.
You barely miss the orc wizard.
The orc wizard is heavily wounded.
The orc wizard hits you with a +0 dagger.
The orc wizard gestures wildly while chanting.
The orc wizard flickers and vanishes!
Deactivating autopickup; reactivate with Ctrl-A.
The orc warrior hits you with a +0 scimitar!!
The orc warrior attacks as you move away!
The orc warrior hits you with a +0 scimitar!
* * * LOW HITPOINT WARNING * * *
The orc warrior unwields a +0 scimitar.
The orc warrior wields a +0 arbalest.
The orc warrior shoots a bolt.
The bolt closely misses you.
You feel the effects of Trog's Hand fading.
The orc warrior shoots a bolt.
The bolt hits you!
* * * LOW HITPOINT WARNING * * *
The orc warrior shoots a bolt.
The bolt closely misses you.
The orc priest mumbles some strange prayers to Beogh against you.
Beogh smites you!
* * * LOW HITPOINT WARNING * * *
The orc warrior shoots a bolt.
The bolt hits you!
You die...

.....##.## ###
###....o. ..#
......o{# #.#
#o# #.# # #o#
#.# ####.##.#
#.#
(.....).####.#
####.##.##.#.#
# #.@....#
###..### #..#
#..#
#..########
#..........
##.########
#.##.# #.##.#


You could see an orc warrior, an orc priest, an orc wizard and an orc.

Vanquished Creatures
  Pikel (D:8)
  Maggie (D:6)
  A hornet (D:7)
  2 vampire mosquitoes (D:8)
  A water moccasin (D:5)
  Duvessa (D:7)
  2 black bears
  An orc warrior (D:8)
  2 ice beasts (D:6)
  2 ogres
  A centaur (D:7)
  A phantom (D:5)
  2 kobold brigands
  2 gnoll sergeants
  3 bullfrogs (D:7)
  2 necrophages
  A scorpion (D:5)
  Dowan (D:7)
  5 killer bees (D:7)
  4 orc priests
  A hound (D:5)
  A jelly (D:6)
  4 iguanas
  10 orc wizards
  4 adders
  9 gnolls
  2 river rats (Sewer)
  3 white imps
  4 worms
  5 dart slugs
  29 orcs
  7 bats
  3 endoplasms
  2 giant cockroaches
  5 goblins
  4 hobgoblins
  3 jackals
  11 kobolds
  6 quokkas
  6 ball pythons
  3 frilled lizards
  12 rats
170 creatures vanquished.

Vanquished Creatures (others)
  A fungus (D:6)
1 creature vanquished.

Grand Total: 171 creatures vanquished

Notes
Turn   | Place    | Note
-------+----------+-------------------------------------------
     0 | D:1      | trench the Troll Berserker began the quest for the Orb.
     0 | D:1      | Reached XP level 1. HP: 22/22 MP: 0/0
   205 | D:1      | Reached XP level 2. HP: 27/29 MP: 1/1
   435 | D:1      | Found a faded altar of an unknown god.
  1131 | D:2      | Reached XP level 3. HP: 30/36 MP: 2/2
  1420 | D:2      | Reached XP level 4. HP: 44/44 MP: 3/3
  1898 | D:2      | Noticed a gnoll sergeant
  2116 | D:2      | Killed a gnoll sergeant
  2117 | D:2      | Reached skill level 1 in Unarmed Combat
  2117 | D:2      | Reached XP level 5. HP: 16/53 MP: 4/4
  2205 | D:2      | Found the +3 woodcutter's axe {vorpal}
  3489 | D:5      | Entered Level 5 of the Dungeon
  3582 | D:4      | Found a glowing drain.
  3621 | Sewer    | Entered a sewer
  3629 | Sewer    | Reached XP level 6. HP: 61/61 MP: 5/5
  3762 | Sewer    | Found a white marble altar of Elyvilon.
  4273 | D:4      | Reached ** piety under Trog
  4443 | D:5      | Reached XP level 7. HP: 65/70 MP: 6/6
  5300 | D:5      | Found a staircase to the Ecumenical Temple.
  5306 | Temple   | Entered the Ecumenical Temple
  5768 | D:6      | Reached skill level 5 in Fighting
  5768 | D:6      | Reached skill level 5 in Dodging
  5768 | D:6      | Reached XP level 8. HP: 80/80 MP: 7/7
  5855 | D:6      | Noticed Maggie
  5959 | D:6      | Killed Maggie
  5960 | D:6      | Reached skill level 5 in Unarmed Combat
  6044 | D:6      | Found a white marble altar of Elyvilon.
  6381 | D:6      | Identified the +1 robe of Wefuov {Harm Will+ Str+4}
  7006 | D:7      | Identified the +1 scale mail "Vusesool" {Harm Str+4}
  7116 | D:7      | Reached XP level 9. HP: 84/89 MP: 8/8
  7474 | D:7      | Paralysed by a hornet for 1 turns
  7626 | D:7      | Noticed Duvessa
  7626 | D:7      | Noticed Dowan
  7634 | D:7      | Killed Duvessa
  7642 | D:7      | Killed Dowan
  8129 | D:8      | Found a sacrificial altar of Ru.
  8244 | D:8      | Noticed Pikel
  8253 | D:8      | Killed Pikel
  8267 | D:8      | Shot with a bolt by an orc warrior

Illustrated notes

Levels and vault maps discovered:
D:1:      eino_arrival_tree_alley, layout_basic, shapermc_ecumenical_altar_gd,
          chequers_jeans, grunt_decor_mini_mirrors
D:2:      layout_loops_corners, pf_guarded_unrand_woodcutter
D:3:      layout_rooms
D:4:      layout_rooms, cheibrodos_sewer_entry_drain,
          nicolae_figureground_sparkle
D:5:      layout_basic, minmay_temple_entry_enclosed_plants
D:6:      layout_basic, elyvilon_altar_1, uniq_maggie
D:7:      layout_loops_cross, uniq_duvessa
D:8:      layout_loops_ring, mainiacjoe_overflow_chevrons, david_lair_shrubbed,
          uniq_pikel
Temple:   nicolae_temple_bog_church

Skill      XL: |  1  2  3  4  5  6  7  8  9 |
---------------+----------------------------+-----
Maces & Flails | 3 |  3.7
Dodging        | 3 4 5 6 7 |  7.3
Fighting       | 3 4 5 6 7 |  7.3
Unarmed Combat | 1 2 3 4 6 7 |  7.8
Stealth        | |  0.1

Action                   |  1- 3 |  4- 6 |  7- 9 || total
-------------------------+-------+-------+-------++-------
Melee: Mace              |    75 |    27 |       ||   102
       Unarmed           |       |   147 |   260 ||   407
       Punch             |       |     1 |     8 ||     9
Throw: Boomerang         |       |       |     1 ||     1
       Javelin           |       |       |     4 ||     4
Invok: Berserk           |     4 |     7 |    16 ||    27
       Trog's Hand       |       |       |     4 ||     4
  Use: Potion            |       |       |     5 ||     5
 Stab: Sleeping          |       |     2 |       ||     2
Armor: Animal skin       |    23 |    27 |    61 ||   111
Dodge: Dodged            |    34 |    60 |   171 ||   265
Block: Kite shield       |       |     6 |       ||     6
